 Dungeon Sprint DCSS version 0.26-a0-1177-g1209ec82b9 (webtiles) character file.

Game seed: 49871667274520460

5774 reriks the Brawler (level 10, -3/113 HPs)
             Began as a Troll Berserker on Dec 25, 2020.
             Was a High Priest of Trog.
             Slain by a sphinx (15 damage)
             ... in the Dungeon (Sprint II: "The Violet Keep of Menkaure").
             The game lasted 00:06:27 (1370 turns).

reriks the Brawler (Troll Berserker)                Turns: 1370, Time: 00:06:27

Health: -3/113     AC: 10    Str: 30    XL:     10   Next: 49%
Magic:  9/9        EV: 14    Int:  3    God:    Trog [*****.]
Gold:   514        SH:  0    Dex:  9    Spells: 9/9 levels left

rFire    . . .     SeeInvis .     - Unarmed
rCold    . . .     Faith    .   (no shield)
rNeg     . . .     Spirit   .   j - +1 troll leather armour
rPois    .         Reflect  .   h - +1 hat
rElec    .         Harm     +   i - scarf {harm}
rCorr    .         Rampage  .   (gloves unavailable)
Will     .....     NoTele   +   (boots unavailable)
Stlth    ..........             (no amulet)
HPRegen  1.08/turn              (no ring)
MPRegen  0.11/turn              (no ring)

@: confused, mighty, berserk cooldown, slowed, very slow
A: large, unfitting armour, claws 3, regeneration 1, shaggy fur 1, tough skin 3
a: Renounce Religion, Berserk, Trog's Hand, Brothers in Arms


You were in the Dungeon.
You worshipped Trog.
Trog was extremely pleased with you.
You visited 1 branch You collected 1174 gold pieces.
You spent 660 gold pieces at shops.

Inventory:

Hand Weapons
 k - a +3 antimagic trident
Armour
 a - a +0 animal skin
 h - a +1 hat (worn)
 i - a scarf of harm (worn)
 j - a +1 troll leather armour (worn)
Jewellery
 t - a +6 ring of intelligence
 u - an uncursed ring of ice
 v - an uncursed ring of protection from fire
Scrolls
 g - a scroll of blinking
 o - a scroll of random uselessness
 r - 2 scrolls of remove curse
Potions
 b - 2 potions of curing
 c - 3 potions of heal wounds
 d - a potion of haste
 e - 5 potions of magic
 f - a potion of berserk rage
 l - 3 potions of resistance
 m - 3 potions of flight
 q - a potion of attraction
 x - a potion of mutation {unknown}


   Skills:
 + Level 11.0 Fighting
 + Level 11.0 Dodging
 * Level 17.0 Unarmed Combat


You had 9 spell levels left.
You didn't know any spells.
Your spell library was empty.

Dungeon Overview and Level Annotations

Branches:
Dungeon (1/1)

Altars:
Cheibriados
Dithmenos
Elyvilon
Fedhas
Gozag
Hepliaklqana
Kikubaaqudgha
Makhleb
Nemelex Xobeh
Okawaru
Qazlal
Ru
Sif Muna
Trog
Uskayaw
Vehumet
Wu Jian
Xom
Yredelemnul
Zin
The Shining One
Beogh
Jiyva
Lugonu

Shops:
D [(:!(==[=!?}*:[

Annotations:
D exclusion: oklob plant


Innate Abilities, Weirdness & Mutations

You are too large for most types of armour.
You have claws for hands.
Your natural rate of healing is unusually fast.
You are covered in fur. (AC +1)
You have extremely tough skin. (AC +3)


Message History

The sphinx hits you!
* * * LOW HITPOINT WARNING * * *
The sphinx hits you but does no damage. The sphinx hits you.
* * * LOW HITPOINT WARNING * * *
The sphinx casts a spell.
You barely resist.
The sphinx mumbles some strange words.
You barely resist.
You feel less confused.
The sphinx casts a spell.
You are confused.
The sphinx hits you!
* * * LOW HITPOINT WARNING * * *
The sphinx hits you but does no damage. The sphinx hits you.
* * * LOW HITPOINT WARNING * * *
You can move again.
Unknown command.
You feel very mighty all of a sudden. The sphinx hits you!
You die...

#..#▓.....(([▓▓
#..#▓.[..(...▓▓
##.#▓..)..)(.▓▓
^.##▓▓▓▓▓▓▓'▓▓▓▓+▓
≈≈≈≈≈≈≈≈≈≈≈...≈≈≈▓
'########'###.≈≈≈▓
._._._..#§§§##≈≈≈▓
.._._._.#§§§§####▓▓▓▓▓
._._._._#§§§≈≈##@.#$$▓
_._._._.#§§§§≈≈#HH#$.▓
._._._..#≈§≈§§≈+..'$$▓
_._._...#§§§§§§#..#$.▓
._._....#§≈≈§§≈▓..#$$▓
_._.....#§§≈≈▓▓▓▓▓▓▓▓▓
#######§≈§≈▓
≈≈≈≈≈§≈≈≈§≈▓
#####≈▓▓▓▓▓


You could see 2 sphinxes.

Vanquished Creatures
  A kraken (D)
  2 deep trolls (D)
  2 polar bears (D)
  A blink frog (D)
  12 flying skulls (D)
  2 wyverns (D)
  4 water moccasins (D)
  4 worker ants (D)
  3 worms (D)
31 creatures vanquished.

Vanquished Creatures (collateral kills)
  A yaktaur (D)
  A polar bear (D)
  A hornet (D)
3 creatures vanquished.

Vanquished Creatures (others)
  Menkaure (D)
  A water moccasin (D)
2 creatures vanquished.

Grand Total: 36 creatures vanquished

Notes
Turn   | Place    | Note
-------+----------+-------------------------------------------
     0 | D        | reriks the Troll Berserker began the quest for the Orb.
     0 | D        | Reached XP level 1. HP: 22/22 MP: 0/0
     1 | D        | Noticed a worker ant
     1 | D        | Noticed a worker ant
     3 | D        | Killed a worker ant
     4 | D        | Reached skill level 5 in Unarmed Combat
     4 | D        | Reached XP level 2. HP: 31/31 MP: 1/1
     7 | D        | Reached XP level 3. HP: 39/39 MP: 2/2
    21 | D        | Killed a water moccasin
    25 | D        | Killed Menkaure
   148 | D        | Reached ** piety under Trog
   149 | D        | Reached skill level 6 in Unarmed Combat
   149 | D        | Reached XP level 4. HP: 48/48 MP: 3/3
   208 | D        | Noticed a wyvern
   208 | D        | Noticed a wyvern
   210 | D        | Killed a wyvern
   211 | D        | Reached skill level 5 in Fighting
   211 | D        | Reached skill level 5 in Dodging
   211 | D        | Reached skill level 9 in Unarmed Combat
   211 | D        | Reached XP level 5. HP: 58/58 MP: 4/4
   212 | D        | Killed a wyvern
   213 | D        | Reached skill level 10 in Unarmed Combat
   213 | D        | Reached XP level 6. HP: 68/68 MP: 5/5
   268 | D        | Noticed a boulder beetle
   268 | D        | Noticed a boulder beetle
   274 | D        | Reached *** piety under Trog
   298 | D        | Noticed a water moccasin
   313 | D        | Killed a water moccasin
   314 | D        | Reached XP level 7. HP: 76/76 MP: 6/6
   392 | D        | Noticed an ice statue
   404 | D        | Noticed a flying skull
   405 | D        | Noticed a flying skull
   407 | D        | Noticed a flying skull
   408 | D        | Noticed a flying skull
   408 | D        | Noticed a flying skull
   408 | D        | Noticed a flying skull
   410 | D        | Noticed a flying skull
   410 | D        | Noticed a flying skull
   411 | D        | Noticed a flying skull
   411 | D        | Noticed a flying skull
   411 | D        | Noticed a flying skull
   411 | D        | Noticed a flying skull
   416 | D        | Found Povemn's General Store.
   417 | D        | Found Simoog's Distillery.
   417 | D        | Found Erghoag's Magic Scroll Boutique.
   418 | D        | Noticed a blink frog
   545 | D        | Killed a blink frog
   545 | D        | Reached **** piety under Trog
   546 | D        | Reached skill level 11 in Unarmed Combat
   723 | D        | Found Qusu's Jewellery Boutique.
   723 | D        | Found Gukar's Armour Shop.
   723 | D        | Found Onlocuem's Antique Armour Shop.
   724 | D        | Found Tyxzuq's Jewellery Shop.
   724 | D        | Found Igaufo's Jewellery Boutique.
   724 | D        | Found Quegouqe's Book Boutique.
   725 | D        | Found Tege's Gadget Boutique.
   727 | D        | Found Ekkimar's Antique Weapon Boutique.
   727 | D        | Found Gedan's Distillery.
   727 | D        | Noticed a cane toad
   727 | D        | Noticed a cane toad
   727 | D        | Noticed an oklob plant
   728 | D        | Found Ceulep's Weapon Shop.
   728 | D        | Found Qeuklak's Antique Armour Boutique.
   728 | D        | Found Onu Moex's Book Shoppe.
   736 | D        | Noticed a hell hog
   736 | D        | Noticed a hell hog
   744 | D        | Bought a runed hat for 140 gold pieces
   744 | D        | Bought a glowing scarf for 160 gold pieces
   744 | D        | Bought a glowing troll leather armour for 360 gold pieces
   794 | D        | Killed a flying skull
   795 | D        | Reached skill level 12 in Unarmed Combat
   812 | D        | Killed a flying skull
   813 | D        | Reached XP level 8. HP: 81/88 MP: 7/7
   814 | D        | Killed a flying skull
   819 | D        | Killed a flying skull
   819 | D        | Reached ***** piety under Trog
   820 | D        | Reached skill level 13 in Unarmed Combat
   821 | D        | Killed a flying skull
   826 | D        | Killed a flying skull
   827 | D        | Killed a flying skull
   833 | D        | Killed a flying skull
   834 | D        | Reached skill level 14 in Unarmed Combat
   834 | D        | Reached XP level 9. HP: 81/98 MP: 8/8
   834 | D        | Received a gift from Trog
   989 | D        | Found a glowing silver altar of Zin.
   989 | D        | Found a radiant altar of Vehumet.
   989 | D        | Found an iron altar of Okawaru.
   991 | D        | Found a glowing golden altar of the Shining One.
   991 | D        | Found a basalt altar of Yredelemnul.
   991 | D        | Found a hide-covered altar of Uskayaw.
   992 | D        | Found a shimmering altar of Xom.
   992 | D        | Found a bloodstained altar of Trog.
   992 | D        | Found a burning altar of Makhleb.
   993 | D        | Found an ornate altar of the Wu Jian Council.
   993 | D        | Found a shimmering blue altar of Sif Muna.
   993 | D        | Found a corrupted altar of Lugonu.
   994 | D        | Found a sacrificial altar of Ru.
   994 | D        | Found an ancient bone altar of Kikubaaqudgha.
   994 | D        | Found a white marble altar of Elyvilon.
   995 | D        | Found a stormy altar of Qazlal.
   995 | D        | Found a viscous altar of Jiyva.
   995 | D        | Found a shadowy altar of Dithmenos.
   996 | D        | Found a hazy altar of Hepliaklqana.
   996 | D        | Found a snail-covered altar of Cheibriados.
  1023 | D        | Found a roughly hewn altar of Beogh.
  1023 | D        | Noticed a polar bear
  1023 | D        | Noticed a polar bear
  1025 | D        | Found a sparkling altar of Nemelex Xobeh.
  1025 | D        | Found a blossoming altar of Fedhas.
  1025 | D        | Noticed a polar bear
  1026 | D        | Found an opulent altar of Gozag.
  1028 | D        | Noticed a yaktaur
  1031 | D        | Killed a polar bear
  1032 | D        | Reached skill level 15 in Unarmed Combat
  1032 | D        | Killed a polar bear
  1033 | D        | Killed a polar bear
  1036 | D        | Reached skill level 10 in Fighting
  1036 | D        | Killed a yaktaur
  1036 | D        | Received a gift from Trog
  1037 | D        | Reached skill level 10 in Dodging
  1070 | D        | Noticed a kraken
  1208 | D        | Killed a kraken
  1209 | D        | Reached skill level 16 in Unarmed Combat
  1209 | D        | Reached XP level 10. HP: 50/111 MP: 9/9
  1304 | D        | Noticed a deep troll
  1304 | D        | Noticed a deep troll
  1307 | D        | Killed a deep troll
  1310 | D        | Killed a deep troll
  1311 | D        | Reached skill level 17 in Unarmed Combat
  1354 | D        | Noticed a sphinx
  1354 | D        | Noticed a sphinx
  1366 | D        | Paralysed by a sphinx for 4 turns
  1370 | D        | Slain by a sphinx

Illustrated notes

Levels and vault maps discovered:
D:        the_violet_keep_of_menkaure [sprint2_stairs_cluster_1,
          sprint2_shoproom, sprint2_temple, sprint2_basic_supplies,
          sprint2_obstacle_1, sprint2_obstacle_3, sprint2_obstacle_2,
          sprint2_obstacle_5, sprint2_obstacle_7, sprint2_timed_cluster_1,
          sprint2_smallroom_cluster_1, sprint2_smallroom_final_cluster_1,
          sprint2_transparent_cluster_1, sprint2_second_timed_cluster_1,
          sprint2_sniper_area_1, sprint2_heavy_combat_area_1,
          sprint2_mutation_trap_area_1, sprint2_forest_area_1,
          sprint2_light_combat_area_1, sprint2_behind_water_1,
          sprint2_near_end_vault_1]

Skill      XL: |  1  2  3  4  5  6  7  8  9 10 |
---------------+-------------------------------+-----
Fighting       | 3 4 5 6 7 9 10 11 | 11.0
Dodging        | 3 4 5 6 7 9 10 11 | 11.0
Unarmed Combat | 5 6 9 10 12 14 16 17 | 17.0

Action                   |  1- 3 |  4- 6 |  7- 9 | 10-12 || total
-------------------------+-------+-------+-------+-------++-------
Melee: Unarmed           |     6 |    18 |    70 |    15 ||   109
       Punch             |       |     1 |     4 |     1 ||     6
Invok: Berserk           |     2 |     2 |     3 |     2 ||     9
       Trog's Hand       |       |       |     3 |     1 ||     4
       Brothers in Arms  |       |       |     2 |       ||     2
  Use: Scroll            |       |       |    12 |       ||    12
       Potion            |       |       |       |     1 ||     1
Armor: Animal skin       |       |     3 |     1 |       ||     4
       Troll leather arm |       |       |    12 |    19 ||    31
Dodge: Dodged            |     2 |     8 |    37 |    21 ||    68

Table legend: (Time is in decaauts)
 A = Elapsed time spent in this place.
 B = Non-inter-level travel time spent in this place.
 C = Inter-level travel time spent in this place.
 D = Time resting spent in this place.
 E = Time spent auto-exploring this place.
 F = Levels seen in this place.
 G = Mean time per level.
                   A        B        C        D        E       F      G
               +--------+--------+--------+--------+--------+-----+--------+
         Total |   1474 |   1474 |      0 |    880 |     15 |   1 | 1474.0 |
       Dungeon |   1474 |   1474 |      0 |    880 |     15 |   1 | 1474.0 |
               +--------+--------+--------+--------+--------+-----+--------+

Top non-repeatable levels by time:
       D: 1474 daAuts
